 Dungeon Crawl Stone Soup version 0.31.0-11-ge490571c62 (webtiles) character file.

Game seed: 12637112661352434305

23 qw the Shooter (level 2, -3/16 HPs)
             Began as a Deep Elf Hunter on Feb 5, 2024.
             Slain by a goblin
             ... wielding a +0 whip
             ... led by Robin
              (6 damage)
             ... on level 2 of the Dungeon.
             The game lasted 00:00:13 (1005 turns).

qw the Shooter (Deep Elf Hunter)                    Turns: 1005, Time: 00:00:14

Health: -3/16      AC:  3    Str:  8    XL:     2   Next: 75%
Magic:  4/4        EV: 12    Int: 13    God:
Gold:   39         SH:  0    Dex: 18    Spells: 1/1 levels left

rFire   . . .        a - +0 shortbow
rCold   . . .        (shield currently unavailable)
rNeg    . . .        c - +0 leather armour
rPois   .            (no helmet)
rElec   .            (no cloak)
rCorr   .            (no gloves)
SInv    .            (no boots)
Will    .....        (no amulet)
Stlth   ++           (no ring)
HPRegen 0.22/turn    (no ring)
MPRegen 0.09/turn

%: no passive effects
@: no status effects
A: no striking features
a: no special abilities


You were on level 2 of the Dungeon.
You visited 1 branch of the dungeon, and saw 2 of its levels.

You collected 39 gold pieces.


   Skills:
 - Level 1.5 Fighting
 + Level 6.5 Ranged Weapons
 - Level 2.4 Dodging
 - Level 1.2 Stealth


You had one spell level left.
You didn't know any spells.
Your spell library was empty.

Inventory:

Hand Weapons
 a - a +0 shortbow (weapon)
Armour
 c - a +0 leather armour (worn)
Potions
 b - a potion of haste {unknown}

Dungeon Overview and Level Annotations

Branches:
Dungeon (2/15)

Altars:

Annotations:
D:2 Robin


Message History

You hear a shout!
You shoot an arrow. The arrow closely misses the goblin.
The arrow barely misses the goblin.
The arrow hits Robin but does no damage.
A goblin comes into view. It is wielding a +0 dagger.
A goblin comes into view. It is wielding a +0 club.
The goblin hits you with a +0 dagger.
You shoot an arrow. The arrow closely misses the goblin.
The arrow hits the goblin.
The goblin is heavily wounded.
Robin throws the goblin at you! The goblin barely misses you.
The goblin hits you with a +0 dagger.
You shoot an arrow. The arrow barely misses the goblin.
The arrow hits the goblin.
You kill the goblin!
The goblin hits you with a +0 dagger.
A goblin comes into view. It is wielding a +0 club.
The goblin hits you but does no damage. The goblin closely misses you.
The goblin hits you with a +0 club.
1000 ||| DRINKING potion of heal wounds.
You feel much better. The goblin closely misses you. x2
You shoot an arrow. The arrow hits the goblin.
You kill the goblin!
The goblin hits you with a +0 club.
You shoot an arrow. The arrow closely misses the goblin.
The goblin completely misses you. The goblin hits you with a +0 club.
You shoot an arrow. The arrow closely misses the goblin.
A goblin comes into view. It is wielding a +0 dagger.
Robin flexes a bicep menacingly.
The goblin hits you with a +0 whip. The goblin barely misses you.
You shoot an arrow. The arrow misses the goblin.
The goblin shouts!
The goblin hits you with a +0 whip. The goblin hits you with a +0 club.
You shoot an arrow. The arrow barely misses the goblin.
The goblin no longer looks unusually strong. x2
Robin roars a battlecry!
The goblins go into a battle-frenzy!
The goblin hits you with a +0 whip.
You die...

. ##. # #...# #.#.
#.. ## #.##.##
.#.#######.#...####
.))g)ggg@g.........
..)...g###....<.....
.#.###. #......###.#
#. #..###.# #.# #.
#..###.# #.# #.
#......# #.# #+# #.
#..###.# #.# #.# ..
#..###.###.# #.#
#..........####.#


You could see Robin and 5 goblins.

Vanquished Creatures
  2 endoplasms
  A giant cockroach (D:1)
  A quokka (D:1)
  4 ball pythons
  A bat (D:1)
  9 goblins
  2 kobolds (D:1)
  A rat (D:1)
21 creatures vanquished.

Notes
Turn   | Place    | Note
-------+----------+-------------------------------------------
     0 | D:1      | qw the Deep Elf Hunter began the quest for the Orb.
     0 | D:1      | Reached XP level 1. HP: 12/12 MP: 3/3
     0 | D:1      | 0 ||| qw: Version: 0.3-a-160-g6735b56
     0 | D:1      | 0 ||| qw: Game counter: 6457
     0 | D:1      | 0 ||| qw: Melee chars always use a shield: true
     0 | D:1      | 0 ||| qw: God list: Okawaru
     0 | D:1      | 0 ||| qw: Allow faded altars: false
     0 | D:1      | 0 ||| qw: Do Orc after clearing Dungeon:15 true
     0 | D:1      | 0 ||| qw: Do second Lair branch before Depths: true
     0 | D:1      | 0 ||| qw: Lair rune preference: random
     0 | D:1      | 0 ||| qw: Goals: Normal
     0 | D:1      | 0 ||| PLANNING D:1-11
   126 | D:1      | Found a faded altar of an unknown god.
   309 | D:1      | Reached skill level 6 in Ranged Weapons
   309 | D:1      | Reached XP level 2. HP: 16/16 MP: 4/4
   909 | D:1      | 909 ||| READING scroll labelled WUITOMIMN.
   909 | D:1      | 909 ||| IDENTIFYING pink potion
   910 | D:1      | 910 ||| READING scroll labelled VEZIPA VADE.
   911 | D:1      | 911 ||| READING scroll labelled UNGIZ UCAME.
   912 | D:1      | 912 ||| DROPPING scroll of butterflies.
   991 | D:2      | Noticed Robin
   994 | D:2      | 994 ||| RETREEEEATING.
   999 | D:2      | HP: 3/16 [goblin/+0 club[Robin] (3)]
  1000 | D:2      | 1000 ||| DRINKING potion of heal wounds.
  1004 | D:2      | HP: 4/16 [goblin/+0 whip[Robin] (6)]
  1005 | D:2      | Slain by a goblin

Levels and vault maps discovered:
D:1:      lemuel_arrival_funnel, layout_loops_corners,
          shapermc_ecumenical_altar_hornbeckon
D:2:      cheibrodos_helix_gallery, layout_loops_corners, serial_shops,
          nicolae_shop_trees, uniq_robin

Skill      XL: |  1 |
---------------+----+-----
Ranged Weapons | 6 |  6.5
Fighting       | |  1.5
Dodging        | |  2.4
Stealth        | |  1.2

Action                     || total
---------------------------++-------
   Fire: Shortbow          ||    45
    Use: Scroll            ||     3
         Potion            ||     1
 Armour: Leather armour    ||    18
  Dodge: Dodged            ||    11

Table legend:
 A = Non-vault XP
 B = Vault XP
 C = Vault XP percentage of total XP
 D = Non-vault monster count
 E = Vault monster count
 F = Vault count percentage of total count
                 A         B        C        D         E       F
            +---------+---------+-------+---------+---------+-------
      Total |      22 |      12 |  35.3 |      15 |       6 |  28.6
            +---------+---------+-------+---------+---------+-------
        D:1 |      19 |       0 |   0.0 |      13 |       0 |   0.0
        D:2 |       3 |      12 |  80.0 |       2 |       6 |  75.0
            +---------+---------+-------+---------+---------+-------
